 Dungeon Crawl Stone Soup version 0.21-a0-472-g223bcb9 (webtiles) character file.

118 slep the Skirmisher (level 4, -4/37 HPs)
             Began as a Demonspawn Monk on Nov 21, 2017.
             Killed from afar by an orc wizard (6 damage)
             ... with a puff of flame
             ... on level 3 of the Dungeon on Nov 22, 2017.
             The game lasted 00:05:32 (1563 turns).

slep the Skirmisher (Demonspawn Monk)               Turns: 1563, Time: 00:05:38

Health: -4/37      AC:  9    Str: 11    XL:     4   Next: 72%
Magic:  4/4        EV:  6    Int: 11    God:
Gold:   104        SH:  0    Dex: 17    Spells: 3/3 levels left

rFire    . . .     SeeInvis .   a - +0 falchion
rCold    . . .     Gourm    .   (no shield)
rNeg     . . .     Faith    .   h - +0 chain mail (curse)
rPois    .         Spirit   .   (no helmet)
rElec    .         Reflect  .   (no cloak)
rCorr    .         Harm     .   (no gloves)
MR       .....     Rnd*Tele +   w - +0 pair of boots
Stlth    ..........             (no amulet)
HPRegen  0.12/turn              t - ring of teleportation (curse)
MPRegen  0.09/turn              (no ring)

@: no status effects
A: talons 1, powered by pain 1, spiny 1
a: no special abilities


You were on level 3 of the Dungeon.
You were not hungry.

You visited 1 branch of the dungeon, and saw 3 of its levels.

You collected 104 gold pieces.

Inventory:

Hand Weapons
 a - a +0 falchion (weapon)
 j - a cursed -2 dagger
Missiles
 k - 42 poisoned needles
Armour
 b - a +0 robe
 h - a cursed +0 chain mail (worn)
 w - a +0 pair of boots (worn)
Jewellery
 t - a cursed ring of teleportation (left hand)
Wands
 x - a wand of iceblast (11)
Scrolls
 e - a scroll of blinking {unknown}
 i - 4 scrolls of identify {unknown}
 p - a scroll of teleportation {unknown}
 q - a scroll of remove curse {unknown}
 r - a scroll of enchant armour {unknown}
 s - 2 scrolls of amnesia {unknown}
 u - a scroll of fear {unknown}
 y - a scroll of magic mapping {unknown}
Potions
 d - 3 potions of mutation {unknown}
 g - 4 potions of might {unknown}
 l - a potion of degeneration {unknown}
 m - a potion of magic {unknown}
 o - a potion of curing {unknown}
 v - a potion of lignification {unknown}
Comestibles
 c - 2 bread rations
 f - a royal jelly
 n - 3 fruits


   Skills:
 + Level 4.0 Fighting
 + Level 3.5 Long Blades
 + Level 1.7 Armour
 + Level 3.0 Dodging
 + Level 1.7 Stealth


You had 3 spell levels left.
You didn't know any spells.

Dungeon Overview and Level Annotations

Branches:
Dungeon (3/15)

Altars:
Ashenzari
Makhleb


Innate Abilities, Weirdness & Mutations

You have sharp toenails.
You sometimes gain a little power by taking damage.
You are partially covered in sharp spines.


Message History

The orc is moderately wounded.
You hit the orc wizard but do no damage.
The orc wizard is lightly wounded.
The orc wizard gestures at you while chanting.
The puff of flame hits you!
* * * LOW HITPOINT WARNING * * *
The orc barely misses you.
You riposte.
You hit the orc.
You kill the orc!
Your chain mail prevents you from hitting the orc wizard.
The orc wizard is lightly wounded.
The orc wizard casts a spell at you. The magic dart hits you!
Your chain mail prevents you from hitting the orc wizard.
The orc wizard is lightly wounded.
The orc wizard casts a spell at you. The puff of flame hits you!
* * * LOW HITPOINT WARNING * * *
The orc wizard gestures at you while chanting.
The puff of flame hits you!
You die...

..........(......)((#
.......(.........##.#
......(.(.(....#.##...
.........(.....#..#####
...............##)#
...............##†#
...............##.########
..........................
........)@.....##.#####...
........o.....##.# #...
.............##.. #...
........$....###. #...
.............# . ####
.............# #.
.............#
.......[.....#


You could see an orc wizard.

Vanquished Creatures
  5 adders (D:2)
  2 worms
  2 dart slugs
  3 leopard geckos
  2 orcs (D:3)
  2 ball pythons
  3 bats
  4 giant cockroaches
  5 goblins
  9 hobgoblins
  6 jackals
  2 frilled lizards (D:1)
  6 kobolds
  6 rats
57 creatures vanquished.

Vanquished Creatures (others)
  4 toadstools (D:1)
4 creatures vanquished.

Grand Total: 61 creatures vanquished

Notes
Turn   | Place    | Note
-------+----------+-------------------------------------------
     0 | D:1      | slep the Demonspawn Monk began the quest for the Orb.
     0 | D:1      | Reached XP level 1. HP: 18/18 MP: 1/1
   160 | D:1      | Gained mutation: You have sharp toenails. [demonic ancestry]
   160 | D:1      | Reached XP level 2. HP: 18/24 MP: 2/2
  1068 | D:2      | Gained mutation: You are partially covered in sharp spines. [demonic ancestry]
  1068 | D:2      | Reached XP level 3. HP: 22/29 MP: 3/3
  1105 | D:2      | Reached skill level 1 in Armour
  1120 | D:2      | Gained mutation: You sometimes gain a little power by taking damage. [demonic ancestry]
  1120 | D:2      | Reached XP level 4. HP: 13/37 MP: 4/4
  1349 | D:2      | Found a burning altar of Makhleb.
  1349 | D:2      | Found a shattered altar of Ashenzari.
  1522 | D:3      | Reached skill level 4 in Fighting
  1563 | D:3      | Killed from afar by an orc wizard

Vault maps used:
D:1:      ldierk_water_garden
D:2:      chequers_temple_overflow_statue_of_worship
D:3:      nicolae_overflow_crystal_walls, first_bread, grunt_decor_one_mirror

Skill      XL: |  1  2  3  4 |
---------------+-------------+-----
Long Blades    | 3 |  3.5
Dodging        | 3 |  3.0
Armour         | 1 |  1.7
Fighting       | 4 |  4.0
Stealth        | |  1.7

Action                   |  1- 3 |  4- 6 || total
-------------------------+-------+-------++-------
Melee: Falchion          |    94 |    82 ||   176
       Kick              |    14 |     9 ||    23
  Eat: Chunk             |       |     2 ||     2
Armor: Chain mail        |    50 |    44 ||    94
       Robe              |     1 |       ||     1
Dodge: Dodged            |    29 |    29 ||    58
       Rpst.: Falchion   |    11 |     9 ||    20

Table legend:
 A = Spawn XP
 B = Non-spawn XP
 C = Spawn XP percentage of total XP
 D = Spawn monster count
 E = Non-spawn monster count
 F = Spawn count percentage of total count
 G = Total turns spent on level
                    A         B        C        D         E        F      G
               +---------+---------+-------+---------+---------+-------+---------
         Total |       0 |     169 |   0.0 |       0 |      57 |   0.0 |  1563
               +---------+---------+-------+---------+---------+-------+---------
           D:1 |       0 |      35 |   0.0 |       0 |      19 |   0.0 |   995
           D:2 |       0 |     107 |   0.0 |       0 |      26 |   0.0 |   437
           D:3 |       0 |      27 |   0.0 |       0 |      12 |   0.0 |   131
               +---------+---------+-------+---------+---------+-------+---------
